 Dungeon Crawl Stone Soup version 0.30-a0-381-g6ea064c7b4 (webtiles) character file.

Game seed: 9220959837154278760

864 bande the Chopper (level 8, 0/48 HPs)
             Began as a Gargoyle Fighter on Dec 1, 2022.
             Was a Follower of Okawaru.
             Slain by an ogre
             ... wielding a +0 giant club
              (21 damage)
             ... on level 5 of the Dungeon.
             The game lasted 00:08:27 (5585 turns).

bande the Chopper (Gargoyle Fighter)                Turns: 5585, Time: 00:08:28

Health: 0/48       AC: 20    Str: 19    XL:     8   Next: 3%
Magic:  9/9        EV:  7    Int: 10    God:    Okawaru [*.....]
Gold:   292        SH:  5    Dex: 11    Spells: 7/7 levels left

rFire   + . .      SeeInvis .    a - +0 war axe
rCold   + . .      Faith    .    c - +0 buckler
rNeg    + . .      Spirit   .    f - +0 chain mail
rPois   ∞          Reflect  .    (no helmet)
rElec   +          Harm     .    r - scarf {rC+ rF+}
rCorr   .          Rampage  .    n - +0 pair of gloves
Will    .....                    (no boots)
Stlth   ..........               (no amulet)
HPRegen 0.28/turn                p - +4 ring of protection
MPRegen 0.11/turn                (no ring)

@: no status effects
A: sickness immunity, AC +5, negative energy resistance 1, electricity
resistance, torment resistance 1, petrification resistance
a: Renounce Religion, Heroism


You were on level 5 of the Dungeon.
You worshipped Okawaru.
Okawaru was aware of your devotion.
You visited 2 branches of the dungeon, and saw 6 of its levels.

You collected 292 gold pieces.

Inventory:

Hand Weapons
 a - a +0 war axe (weapon)
 e - a +0 war axe
 w - a +1 flail of protection
Missiles
 s - a throwing net (quivered)
Armour
 c - a +0 buckler (worn)
 f - a +0 chain mail (worn)
 n - a +0 pair of gloves (worn)
 r - a scarf of resistance (worn)
Jewellery
 b - a ring of wizardry
 p - a +4 ring of protection (left hand)
Wands
 q - a wand of flame (25)
 v - a wand of paralysis (4)
Scrolls
 u - a scroll of identify
 y - a scroll of vulnerability {unknown}
 z - a scroll of immolation {unknown}
Potions
 d - a potion of might
 g - a potion of flight
 h - a potion of heal wounds {unknown}
 i - a potion of brilliance {unknown}
 j - a potion of resistance {unknown}
 k - 2 potions of ambrosia {unknown}
 l - 2 potions of cancellation {unknown}
 m - 3 potions of curing {unknown}
 o - 2 potions of experience {unknown}
 t - a potion of attraction {unknown}
 x - a potion of lignification {unknown}
 A - a potion of degeneration {unknown}


   Skills:
 + Level 4.7 Fighting
 + Level 5.4 Axes
 + Level 5.3 Armour
 + Level 4.6 Shields
 * Level 2.1 Invocations
 * Level 1.8 Evocations


You had 7 spell levels left.
You didn't know any spells.
Your spell library contained the following spells:

 Spells                   Type           Power      Damage    Failure   Level
 Apportation              Tloc           0%         N/A       99%         1
 Necrotise                Necr           0%         1d4       99%         1
 Shock                    Conj/Air       0%         1d3       99%         1
 Swiftness                Air            0%         N/A       100%        3
 Airstrike                Air            0%         2d(0-16)  100%        4
 Summon Small Mammal      Summ           Unusable   N/A       N/A         1
 Animate Dead             Necr           Unusable   N/A       N/A         4
 Haunt                    Necr/Summ      Unusable   N/A       N/A         7
 Infestation              Necr           Unusable   N/A       N/A         8

Dungeon Overview and Level Annotations

Branches:
Dungeon (5/15)             Temple (1/1) D:4

Altars:
Ashenzari
Elyvilon
Kikubaaqudgha
Okawaru
Qazlal
Vehumet
Wu Jian

Shops:
D:4 (*

Annotations:
D:4 exclusion: statue


Innate Abilities, Weirdness & Mutations

You are immune to sickness and miasma.
Your stone body is resilient. (AC +5)
You are immune to poison.
You resist negative energy. (rN+)
You are resistant to electric shocks. (rElec)
You are resistant to unholy torment.
You are immune to petrification.


Message History

The iguana is heavily wounded.
The iguana bites you.
You hit the iguana but do no damage.
The iguana is heavily wounded.
The iguana bites you but does no damage.
You hit the iguana.
The iguana is severely wounded.
You hit the iguana. You block the iguana's attack.
The iguana bites you but does no damage.
You hit the iguana.
The iguana is severely wounded.
You hit the iguana. The iguana barely misses you.
The iguana bites you but does no damage.
You hit the iguana but do no damage.
The iguana is severely wounded.
You hit the iguana but do no damage. The iguana bites you!
The iguana barely misses you. You block the iguana's attack.
The iguana bites you but does no damage.
You hit the iguana.
You kill the iguana!
Okawaru accepts your kill.
You hit the ogre. You hit the iguana but do no damage.
The iguana bites you but does no damage.
The ogre completely misses you.
You slash the iguana!
The iguana is almost dead.
You hit the ogre. The iguana bites you! The ogre hits you with a +0 giant club!
You are too injured to fight recklessly!
You are too injured to fight recklessly!
You are too injured to fight recklessly!
You are too injured to fight recklessly!
You are too injured to fight recklessly!
You are too injured to fight recklessly!
Unknown command.
You hit the ogre.
The ogre is moderately wounded.
You closely miss the iguana. The iguana closely misses you.
The iguana bites you but does no damage.
The ogre hits you with a +0 giant club!!
You die...

### #.###.....##
##.###.##.......##
######...##.#.........#
......................+
#.####...##.#.........#
#<# #...##.# .......#
#.# ##.#.##.# #.....#
#.# #.......###.l..#
#.# #..#.##.....@O.#
#.# #..#........#†.#
#......####.#####..#
####... #.# ..# .. #.#
... #.. ... ...# #.#
..## #.. ..#


You could see an ogre and an iguana.

Vanquished Creatures
  Menkaure (D:5)
  Edmund (D:4)
  A black bear (D:5)
  Blork the orc (D:4)
  A hound (D:5)
  3 orc priests
  A jelly (D:5)
  2 iguanas (D:5)
  An orc wizard (D:5)
  Natasha (thrice) (D:3)
  4 gnolls (D:4)
  3 adders
  4 worms
  3 dart slugs
  10 orcs
  8 ball pythons
  5 bats
  7 endoplasms
  4 giant cockroaches
  4 goblins
  7 hobgoblins
  5 jackals
  A quokka (D:1)
  3 training dummies (D:4)
  3 frilled lizards (D:1)
  5 kobolds
  4 rats (D:1)
95 creatures vanquished.

Vanquished Creatures (others)
  8 plants (D:5)
8 creatures vanquished.

Grand Total: 103 creatures vanquished

Notes
Turn   | Place    | Note
-------+----------+-------------------------------------------
     0 | D:1      | bande the Gargoyle Fighter began the quest for the Orb.
     0 | D:1      | Reached XP level 1. HP: 14/14 MP: 1/1
    94 | D:1      | Reached XP level 2. HP: 16/19 MP: 2/2
   315 | D:1      | Reached XP level 3. HP: 21/23 MP: 3/3
  1551 | D:2      | Reached XP level 4. HP: 27/28 MP: 4/4
  1723 | D:3      | Reached XP level 5. HP: 24/33 MP: 5/5
  2164 | D:3      | Found a broken altar of Ashenzari.
  2439 | D:3      | Noticed Natasha
  2446 | D:3      | Killed Natasha
  2664 | D:3      | Noticed Natasha
  2670 | D:3      | Killed Natasha
  2831 | D:3      | Noticed Natasha
  2850 | D:3      | Killed Natasha
  2851 | D:3      | Reached XP level 6. HP: 20/38 MP: 6/6
  3144 | D:4      | Noticed Blork the orc
  3156 | D:4      | Killed Blork the orc
  3210 | D:4      | Found a white marble altar of Elyvilon.
  3228 | D:4      | Found Qaeti's Firing Range.
  3247 | D:4      | Found a staircase to the Ecumenical Temple.
  3266 | Temple   | Entered the Ecumenical Temple
  3275 | Temple   | Became a worshipper of Warmaster Okawaru
  3639 | D:4      | You fall into a shaft and drop 1 floor!
  3639 | D:5      | Entered Level 5 of the Dungeon
  3660 | D:5      | Reached XP level 7. HP: 39/44 MP: 7/7
  4209 | D:4      | Found a radiant altar of Vehumet.
  4215 | D:4      | Found Icoize's General Store.
  4244 | D:4      | Noticed Edmund
  4259 | D:4      | HP: 2/44 [Edmund/puff of flame (2)]
  4262 | D:4      | Killed Edmund
  4263 | D:4      | Reached skill level 5 in Axes
  4263 | D:4      | Reached skill level 1 in Invocations
  4263 | D:4      | Reached skill level 1 in Evocations
  4669 | D:5      | Reached * piety under Okawaru
  4670 | D:5      | Reached skill level 5 in Armour
  4875 | D:5      | Noticed Menkaure
  4887 | D:5      | Killed Menkaure
  5456 | D:5      | Found an ancient bone altar of Kikubaaqudgha.
  5534 | D:5      | Reached XP level 8. HP: 39/48 MP: 9/9
  5585 | D:5      | Slain by an ogre

Illustrated notes

Levels and vault maps discovered:
D:1:      co_arrival_two_rings, layout_loops_corners, minmay_heptomino_l4
D:2:      layout_basic
D:3:      layout_loops_corners, cheibrodos_ashenzari_chains, uniq_natasha
D:4:      layout_basic, lemuel_doored_altar, vehumet_statue,
          minmay_temple_entry_proselytizer, serial_shops, nicolae_diamond_shop,
          nicolae_shop_firing_range, uniq_blork_the_orc, uniq_edmund
D:5:      layout_loops_corners, mainiacjoe_overflow_alcove_4,
          serial_bayou_pond_c, uniq_menkaure
Temple:   chequers_temple_sunken

Skill      XL: |  1  2  3  4  5  6  7 |
---------------+----------------------+-----
Axes           | 2 3 4 5 |  5.4
Armour         | 4 5 |  5.3
Fighting       | 4 |  4.7
Shields        | 4 |  4.6
Invocations    | 2 |  2.1
Evocations     | 1 |  1.8

Action                   |  1- 3 |  4- 6 |  7- 9 || total
-------------------------+-------+-------+-------++-------
Melee: War axe           |   137 |   160 |    78 ||   375
  Use: Scroll            |     1 |     4 |     1 ||     6
       Potion            |       |       |     2 ||     2
Armor: Scale mail        |     4 |       |       ||     4
       Chain mail        |    70 |   107 |    93 ||   270
Dodge: Dodged            |    49 |    77 |    37 ||   163
Block: Buckler           |    41 |    46 |    20 ||   107

Table legend: (Time is in decaauts)
 A = Elapsed time spent in this place.
 B = Non-inter-level travel time spent in this place.
 C = Inter-level travel time spent in this place.
 D = Time resting spent in this place.
 E = Time spent auto-exploring this place.
 F = Levels seen in this place.
 G = Mean time per level.
                   A        B        C        D        E       F      G
               +--------+--------+--------+--------+--------+-----+--------+
         Total |   5742 |   5590 |    152 |   1191 |   3198 |   6 |  957.0 |
       Dungeon |   5674 |   5522 |    152 |   1144 |   3198 |   5 | 1134.8 |
        Temple |     68 |     68 |      0 |     47 |      0 |   1 |   68.0 |
               +--------+--------+--------+--------+--------+-----+--------+

Top non-repeatable levels by time:
     D:3: 1595 daAuts
     D:4: 1209 daAuts
     D:5: 1181 daAuts
     D:1: 1101 daAuts
     D:2: 585 daAuts
  Temple: 68 daAuts
